 Dungeon Sprint DCSS version 0.31-a0-983-g7b6862f502 (webtiles) character file.

Game seed: 5000684518148148551

2781 rocky1 the Bludgeoner (level 9, -1/96 HPs)
             Began as a Minotaur Berserker on Nov 3, 2023.
             Was a High Priest of Trog.
             Succumbed to a redback's poison
             ... in the Dungeon (Sprint III: "The Ten Rune Challenge").
             The game lasted 00:02:22 (1624 turns).

rocky1 the Bludgeoner (Minotaur Berserker)          Turns: 1624, Time: 00:02:22

Health: -1/96      AC: 11    Str: 26    XL:     9   Next: 43%
Magic:  8/8        EV: 11    Int:  4    God:    Trog [*****.]
Gold:   50         SH:  0    Dex: 10    Spells: 8/8 levels left

rFire   . . .        r - +2 dire flail (heavy)
rCold   . . .        (shield currently unavailable)
rNeg    . . .        q - +0 chain mail
rPois   .            (helmet restricted)
rElec   .            (no cloak)
rCorr   .            (no gloves)
SInv    .            (no boots)
Will    .....        (no amulet) Stlth
                     (no ring)
HPRegen 0.36/turn    (no ring)
MPRegen 0.11/turn

%: no teleportation
@: lethally poisoned (-1 -> -17), on berserk cooldown, slowed, very slow
A: horns 2, retaliatory headbutt
a: Renounce Religion, Berserk, Trog's Hand, Brothers in Arms


You were in the Dungeon.
You worshipped Trog.
Trog was extremely pleased with you.
You visited 1 branch You collected 50 gold pieces.

Inventory:

Hand Weapons
 a - a +0 mace
 r - a +2 heavy dire flail (weapon)
Armour
 b - a +0 animal skin
 q - a +0 chain mail (worn)
Scrolls
 i - 2 scrolls of identify {unknown}
 k - a scroll of poison {unknown}
 l - a scroll of torment {unknown}
 n - a scroll of immolation {unknown}
Potions
 c - 4 potions of curing
 d - a potion of heal wounds
 e - a potion of haste
 f - 2 potions of magic
 g - a potion of berserk rage
 j - 2 potions of mutation {unknown}
 m - a potion of resistance {unknown}
 o - a potion of degeneration {unknown}
 p - 2 potions of enlightenment
Miscellaneous
 s - a box of beasts


   Skills:
 + Level 14.4 Fighting
 + Level 17.3 Maces & Flails
 + Level 10.8 Armour
 + Level 8.5 Dodging


You had 8 spell levels left.
You didn't know any spells.
Your spell library was empty.

Dungeon Overview and Level Annotations

Branches:
Dungeon (1/1)

Altars:
Cheibriados
Dithmenos
Elyvilon
Fedhas
Gozag
Hepliaklqana
Kikubaaqudgha
Makhleb
Nemelex Xobeh
Okawaru
Qazlal
Ru
Sif Muna
Trog
Uskayaw
Vehumet
Wu Jian
Xom
Yredelemnul
Zin
The Shining One
Jiyva
Lugonu


Innate Abilities, Weirdness & Mutations

You have a pair of horns on your head.
You reflexively headbutt those who attack you in melee.


Message History

Your experience leads to an increase in your attributes!
Increase (S)trength, (I)ntelligence, or (D)exterity?
You feel stronger. x2
Unknown command.
You crush the redback like a grape!!!
You feel the power of Trog in you as your rage grows.
You kill the redback!
Trog accepts your kill.
You feel very sick.
You hear some strange, mumbled words.
Something tries to affect you, but you resist.
You feel very sick.
There is an open door, spattered with blood here.
You spit something like a pig!!! Trog accepts your kill.
Trog appreciates your killing of a magic user.
Reactivating autopickup.
You feel a bit more experienced.
You feel very sick.
Your Fighting skill increases to level 14!
Your Maces & Flails skill increases to level 17!
Your Armour skill increases to level 10!
You feel very sick.
Things that are here:
a +3 spectral giant club; a +2 robe of willpower You puncture the two-headed ogre!
The two-headed ogre is moderately wounded.
You are no longer berserk.
You are exhausted.
You feel yourself slow down.
You feel very sick.
The two-headed ogre hits you with a +0 giant club!!
* * * LOW HITPOINT WARNING * * *
The two-headed ogre hits you with a +0 giant spiked club!
* * * LOW HITPOINT WARNING * * *
Okay, then.
Blink to where?
Press: ? - help, Dir - move target
As you read the scroll of blinking, it crumbles to dust.
You die...

##################
#.#.#.....#.^^..@+
.#.##.###.#....^.#
.#.##.#.)##....^.#
..#.)##.†'§..^^..#
▓▓▓▓▓▓▓▓▓#.O.....#
#^....^.#
+.......#
#^....^.#
##+######


You could see a two-headed ogre.

Vanquished Creatures
  Erolcha (D)
  A deep elf pyromancer (D)
  A shadow (D)
  2 redbacks (D)
  A spatial vortex (D)
  4 two-headed ogres (D)
  A necrophage (D)
  A water elemental (D)
  A jelly (D)
  An arcanist (D)
  Jessica (D)
  A necromancer (D)
  3 humans (D)
  A kobold demonologist (D)
  A wolf (D)
  An endoplasm (D)
  2 rats (D)
24 creatures vanquished.

Notes
Turn   | Place    | Note
-------+----------+-------------------------------------------
     0 | D        | rocky1 the Minotaur Berserker began the quest for the Orb.
     0 | D        | Reached XP level 1. HP: 19/19 MP: 0/0
     6 | D        | Reached skill level 4 in Maces & Flails
    13 | D        | Noticed Jessica
    17 | D        | Killed Jessica
    17 | D        | Reached ** piety under Trog
    18 | D        | Reached skill level 5 in Fighting
    18 | D        | Reached skill level 5 in Maces & Flails
    18 | D        | Reached XP level 2. HP: 27/30 MP: 1/1
    19 | D        | Reached XP level 3. HP: 34/37 MP: 2/2
    48 | D        | Reached skill level 6 in Maces & Flails
   134 | D        | Reached *** piety under Trog
   281 | D        | Noticed a water elemental
   285 | D        | Killed a water elemental
   286 | D        | Reached skill level 8 in Maces & Flails
   286 | D        | Reached XP level 4. HP: 26/47 MP: 3/3
   516 | D        | Found a hide-covered altar of Uskayaw.
   516 | D        | Found an iron altar of Okawaru.
   516 | D        | Found a bloodstained altar of Trog.
   516 | D        | Found an ornate altar of the Wu Jian Council.
   516 | D        | Noticed a human
   517 | D        | Noticed a human
   522 | D        | Killed a human
   523 | D        | Reached skill level 10 in Maces & Flails
   523 | D        | Reached skill level 5 in Armour
   523 | D        | Reached skill level 5 in Dodging
   523 | D        | Reached XP level 5. HP: 46/57 MP: 4/4
   533 | D        | Killed a human
   534 | D        | Reached skill level 10 in Fighting
   534 | D        | Reached skill level 11 in Maces & Flails
   534 | D        | Reached XP level 6. HP: 53/66 MP: 5/5
   723 | D        | Found a glowing silver altar of Zin.
   723 | D        | Found a glowing golden altar of the Shining One.
   723 | D        | Found a white marble altar of Elyvilon.
   724 | D        | Noticed a deep elf pyromancer
   740 | D        | Killed a deep elf pyromancer
   740 | D        | Reached **** piety under Trog
   741 | D        | Reached skill level 13 in Maces & Flails
   741 | D        | Reached XP level 7. HP: 20/75 MP: 6/6
   921 | D        | Found a radiant altar of Vehumet.
   921 | D        | Found a shimmering blue altar of Sif Muna.
   921 | D        | Found an ancient bone altar of Kikubaaqudgha.
   932 | D        | Reached skill level 14 in Maces & Flails
   966 | D        | Found a basalt altar of Yredelemnul.
   966 | D        | Found a shadowy altar of Dithmenos.
   966 | D        | Found a sacrificial altar of Ru.
   969 | D        | Reached ***** piety under Trog
  1101 | D        | Noticed a shadow
  1109 | D        | Killed a shadow
  1110 | D        | Reached XP level 8. HP: 70/85 MP: 7/7
  1218 | D        | Found a blossoming altar of Fedhas.
  1218 | D        | Found a stormy altar of Qazlal.
  1218 | D        | Found a snail-covered altar of Cheibriados.
  1218 | D        | Found a burning altar of Makhleb.
  1218 | D        | Found a shimmering altar of Xom.
  1219 | D        | Found a hazy altar of Hepliaklqana.
  1219 | D        | Found an opulent altar of Gozag.
  1219 | D        | Found a sparkling altar of Nemelex Xobeh.
  1219 | D        | Found a corrupted altar of Lugonu.
  1219 | D        | Found a viscous altar of Jiyva.
  1234 | D        | Received a gift from Trog
  1420 | D        | Reached skill level 15 in Maces & Flails
  1594 | D        | Noticed a two-headed ogre
  1599 | D        | Killed a two-headed ogre
  1606 | D        | Noticed Erolcha
  1606 | D        | Noticed a two-headed ogre
  1615 | D        | Killed a two-headed ogre
  1616 | D        | Reached skill level 16 in Maces & Flails
  1619 | D        | Reached XP level 9. HP: 86/94 MP: 8/8
  1621 | D        | Killed Erolcha
  1622 | D        | Reached skill level 17 in Maces & Flails
  1622 | D        | Reached skill level 10 in Armour
  1623 | D        | HP: 4/96 [two-headed ogre/+0 giant club (9)]
  1624 | D        | Succumbed to a redback's poison

Illustrated notes

Levels and vault maps discovered:
D:        dungeon_sprint_mu [sprint_mu_entry_forest, sprint_mu_temple_rooms,
          sprint_mu_d1_spiders, sprint_mu_d2_genie, sprint_mu_d3_branching,
          sprint_mu_orc_legion, sprint_mu_elf_gauntlet, sprint_mu_hive_nellie,
          sprint_mu_lair_fedhas, sprint_mu_vaults_butterflies,
          sprint_mu_slime_circle, sprint_mu_shoals_archi,
          sprint_mu_snake_twists, sprint_mu_blade_basic,
          sprint_mu_crypt_fortress, sprint_mu_tomb_spiral,
          sprint_mu_vestibule_basic, sprint_mu_gehenna_hellfire,
          sprint_mu_dis_giant, sprint_mu_tartarus_statrot,
          sprint_mu_cocytus_islands, sprint_mu_zot1]

Skill      XL: |  1  2  3  4  5  6  7  8  9 |
---------------+----------------------------+-----
Fighting       | 5 7 9 10 11 12 13 14 | 14.4
Maces & Flails | 5 8 10 11 13 14 16 17 | 17.3
Armour         | 3 4 5 6 7 9 10 | 10.8
Dodging        | 3 4 5 6 7 8 |  8.5

Action                     |  1- 3 |  4- 6 |  7- 9 || total
---------------------------+-------+-------+-------++-------
  Melee: Mace              |    15 |    31 |    40 ||    86
         Headbutt          |     2 |     3 |    13 ||    18
         Dire flail        |       |       |    24 ||    24
 Invoke: Berserk           |     1 |     1 |     1 ||     3
    Use: Scroll            |       |       |     1 ||     1
 Armour: Animal skin       |    11 |     7 |       ||    18
         Chain mail        |       |    10 |    27 ||    37
  Dodge: Dodged            |     5 |    12 |    14 ||    31

Table legend: (Time is in decaauts)
 A = Elapsed time spent in this place.
 B = Non-inter-level travel time spent in this place.
 C = Inter-level travel time spent in this place.
 D = Time resting spent in this place.
 E = Time spent auto-exploring this place.
 F = Levels seen in this place.
 G = Mean time per level.
                   A        B        C        D        E       F      G
               +--------+--------+--------+--------+--------+-----+--------+
         Total |   1619 |   1619 |      0 |   1302 |      0 |   1 | 1619.0 |
       Dungeon |   1619 |   1619 |      0 |   1302 |      0 |   1 | 1619.0 |
               +--------+--------+--------+--------+--------+-----+--------+

Top non-repeatable levels by time:
       D: 1619 daAuts
